[Event "FICS rated blitz game"]
[Site "FICS freechess.org"]
[FICSGamesDBGameNo "20002275"]
[White "Pius"]
[Black "gwoya"]
[WhiteElo "1895"]
[BlackElo "1779"]
[WhiteRD "na"]
[BlackRD "na"]
[TimeControl "180+0"]
[Date "1999.10.04"]
[Time "01:50:00"]
[WhiteClock "0:03:00.000"]
[BlackClock "0:03:00.000"]
[ECO "A00"]
[PlyCount "71"]
[Result "1-0"]

1. g3 d5 2. Bg2 Nf6 3. d3 c6 4. Nc3 Bf5 5. Bg5 e6 6. e4 dxe4 7. dxe4 Qxd1+ 8. Rxd1 Bg6 9. Nge2 Bb4 10. a3 Ba5 11. b4 Bb6 12. O-O Nbd7 13. Nf4 O-O 14. Nxg6 hxg6 15. Rd2 Ne5 16. Bxf6 gxf6 17. Rfd1 Rad8 18. Rxd8 Rxd8 19. Rxd8+ Bxd8 20. Bf1 Kf8 21. f4 Ke7 22. fxe5 fxe5 23. Kg2 Bb6 24. Na4 Kd6 25. Nxb6 axb6 26. Kf3 c5 27. Ke3 f5 28. h4 Kc6 29. Bc4 Kd6 30. Be2 Kc6 31. g4 f4+ 32. Kd3 Kd6 33. h5 gxh5 34. gxh5 Ke7 35. Kc4 Kf6 36. bxc5 {Black resigns} 1-0

[Event "FICS rated lightning game"]
[Site "FICS freechess.org"]
[FICSGamesDBGameNo "20002274"]
[White "Grizzly"]
[Black "DjBoy"]
[WhiteElo "1873"]
[BlackElo "1715"]
[WhiteRD "na"]
[BlackRD "na"]
[TimeControl "120+0"]
[Date "1999.10.04"]
[Time "01:15:00"]
[WhiteClock "0:02:00.000"]
[BlackClock "0:02:00.000"]
[ECO "B20"]
[PlyCount "71"]
[Result "1-0"]

1. e4 c5 2. c4 d6 3. d3 Nf6 4. f4 Nc6 5. Nc3 Bg4 6. Be2 Bxe2 7. Qxe2 e6 8. Nf3 Be7 9. O-O Qb6 10. Kh1 O-O 11. a3 Nd4 12. Qd1 Rac8 13. Rb1 a5 14. Be3 Nb3 15. Qe1 a4 16. Nxa4 Qc7 17. Nc3 Qd8 18. Qd1 Nd4 19. Nxd4 cxd4 20. Bxd4 e5 21. fxe5 dxe5 22. Bxe5 Nd7 23. Bg3 Nc5 24. Nd5 Bd6 25. Bxd6 Qxd6 26. b4 Ne6 27. c5 Qe5 28. Ne7+ Kh8 29. Nxc8 Rxc8 30. Rf5 Qd4 31. Rd5 Qf6 32. Rd6 Qf4 33. Qf1 Qd2 34. d4 Nxd4 35. Rd1 Qe2 36. R6xd4 {Black resigns} 1-0

[Event "FICS rated standard game"]
[Site "FICS freechess.org"]
[FICSGamesDBGameNo "20002273"]
[White "Edwinn"]
[Black "imhotep"]
[WhiteElo "1387"]
[BlackElo "1540"]
[WhiteRD "na"]
[BlackRD "na"]
[TimeControl "900+5"]
[Date "1999.10.04"]
[Time "00:42:00"]
[WhiteClock "0:15:00.000"]
[BlackClock "0:15:00.000"]
[ECO "B03"]
[PlyCount "56"]
[Result "0-1"]

1. e4 Nf6 2. e5 Nd5 3. d4 d6 4. exd6 cxd6 5. Nf3 Bg4 6. Be2 Nc6 7. O-O e6 8. Re1 Be7 9. Nbd2 O-O 10. c4 Nf4 11. h3 Nxe2+ 12. Rxe2 Bf5 13. Nb3 a5 14. Bf4 a4 15. Nc1 b6 16. Nd2 Nb4 17. Ne4 d5 18. cxd5 exd5 19. a3 dxe4 20. axb4 Bxb4 21. Rxa4 Rxa4 22. Qxa4 Qxd4 23. Nb3 Qd1+ 24. Kh2 Qxe2 25. Qxb4 Qxf2 26. Bd6 Re8 27. Qb5 Rc8 28. Qd7 Bxd7 {White resigns} 0-1

[Event "FICS rated blitz game"]
[Site "FICS freechess.org"]
[FICSGamesDBGameNo "20002272"]
[White "ilyar"]
[Black "Unicorn"]
[WhiteElo "1818"]
[BlackElo "1647"]
[WhiteRD "na"]
[BlackRD "na"]
[TimeControl "300+0"]
[Date "1999.10.03"]
[Time "22:45:00"]
[WhiteClock "0:05:00.000"]
[BlackClock "0:05:00.000"]
[ECO "D51"]
[PlyCount "120"]
[Result "0-1"]

1. d4 d5 2. c4 e6 3. Nc3 Nf6 4. Bg5 Nbd7 5. e3 c6 6. cxd5 cxd5 7. Nf3 Bb4 8. Bd3 Qa5 9. Qc2 Ne4 10. O-O Nxg5 11. Nxg5 h6 12. Nf3 a6 13. a3 Bd6 14. b4 Qc7 15. Rac1 O-O 16. Qe2 Qd8 17. Na4 b5 18. Nc5 Nb6 19. h3 Nc4 20. Bxc4 bxc4 21. Nd2 Bxc5 22. bxc5 Qa5 23. Nb1 Bd7 24. e4 Bc6 25. e5 Rab8 26. f4 Rb3 27. f5 exf5 28. Rxf5 Bd7 29. Rf3 Rfb8 30. Rcf1 Be6 31. Qf2 Rxb1 32. Rxb1 Rxb1+ 33. Kh2 Qe1 34. Qxe1 Rxe1 35. c6 Re4 36. Rf1 Rxd4 37. Rb1 c3 38. c7 Rc4 39. Rc1 Rxc7 40. Kg3 d4 41. Kf4 g6 42. Ke4 Rd7 43. Kd3 Bf5+ 44. Kc4 Kf8 45. a4 Ke7 46. a5 Ke6 47. g4 Be4 48. Re1 Kxe5 49. h4 c2 50. Rc1 d3 51. Kc3 d2 52. Rxc2 Bxc2 53. Kxc2 d1=Q+ 54. Kc3 Qxg4 55. h5 Qd4+ 56. Kc2 Rc7+ 57. Kb3 Qc3+ 58. Ka2 Qb4 59. hxg6 Rc3 60. g7 Ra3# {White checkmated} 0-1

[Event "FICS rated standard game"]
[Site "FICS freechess.org"]
[FICSGamesDBGameNo "20002271"]
[White "madcapjack"]
[Black "DutchDisaster"]
[WhiteElo "1509"]
[BlackElo "1680"]
[WhiteRD "na"]
[BlackRD "na"]
[TimeControl "1800+10"]
[Date "1999.10.03"]
[Time "20:32:00"]
[WhiteClock "0:30:00.000"]
[BlackClock "0:30:00.000"]
[ECO "C00"]
[PlyCount "129"]
[Result "1-0"]

1. e4 e6 2. Nf3 d5 3. exd5 exd5 4. d4 Nc6 5. Bb5 Nf6 6. Bg5 Be7 7. Qe2 O-O 8. Nc3 Re8 9. O-O Bg4 10. Qe3 Bxf3 11. Qxf3 a6 12. Bd3 Nxd4 13. Qh3 Ne4 14. Bxe7 Qxe7 15. Nxd5 Qd6 16. c4 Ng5 17. Qg4 g6 18. Qxg5 Re5 19. Nf6+ Kg7 20. Nh5+ Kh8 21. Qf4 Rxh5 22. Qxd6 cxd6 23. Rad1 Rd8 24. Be4 Nc6 25. c5 Rxc5 26. Rd5 Rxd5 27. Bxd5 Kg7 28. Rc1 Re8 29. g3 Kf6 30. Rc4 Ne5 31. Rf4+ Ke7 32. Re4 b6 33. f4 f5 34. Re3 Kf6 35. fxe5+ Rxe5 36. Rxe5 Kxe5 37. Bf3 d5 38. Kf2 g5 39. Ke3 d4+ 40. Kd3 f4 41. Bg4 fxg3 42. hxg3 Kd5 43. Bf5 h5 44. Bc8 a5 45. Bb7+ Kc5 46. a3 b5 47. Ba6 b4 48. axb4+ axb4 49. Bc4 h4 50. gxh4 gxh4 51. Be6 Kd6 52. Bh3 Kc5 53. b3 Kd5 54. Bg2+ Kc5 55. Ke4 Kb5 56. Kxd4 Kb6 57. Kc4 Ka5 58. Bh3 Kb6 59. Kxb4 Kc6 60. Bg2+ Kd6 61. Kb5 Ke5 62. Kc4 Kf4 63. b4 Kg3 64. b5 h3 65. Bxh3 {Black resigns} 1-0

[Event "FICS rated lightning game"]
[Site "FICS freechess.org"]
[FICSGamesDBGameNo "20002270"]
[White "viterbese"]
[Black "Hotzone"]
[WhiteElo "1608"]
[BlackElo "1394"]
[WhiteRD "na"]
[BlackRD "na"]
[TimeControl "120+0"]
[Date "1999.10.03"]
[Time "19:08:00"]
[WhiteClock "0:02:00.000"]
[BlackClock "0:02:00.000"]
[ECO "A04"]
[PlyCount "60"]
[Result "0-1"]

1. Nf3 c5 2. b3 d5 3. Bb2 Nc6 4. e3 Nf6 5. Be2 g6 6. d4 cxd4 7. Nxd4 Bg7 8. O-O O-O 9. Nd2 Nxd4 10. exd4 Re8 11. Nf3 Ne4 12. Bd3 Bf5 13. Ne5 Qc7 14. f3 Nd6 15. g4 Bxd3 16. cxd3 Nb5 17. Rc1 Qd6 18. f4 f6 19. a4 fxe5 20. fxe5 Qb6 21. axb5 Qxb5 22. Rc5 Qb4 23. Rxd5 a5 24. e6 a4 25. Qf3 a3 26. Qf7+ Kh8 27. Bxa3 Qxa3 28. Rd7 Rf8 29. Qxe7 Rxf1+ 30. Kxf1 Qa2 {White forfeits on time} 0-1

[Event "FICS rated blitz game"]
[Site "FICS freechess.org"]
[FICSGamesDBGameNo "20002268"]
[White "riese"]
[Black "nodraw"]
[WhiteElo "1518"]
[BlackElo "1559"]
[WhiteRD "na"]
[BlackRD "na"]
[TimeControl "120+12"]
[Date "1999.10.03"]
[Time "16:43:00"]
[WhiteClock "0:02:00.000"]
[BlackClock "0:02:00.000"]
[ECO "B07"]
[PlyCount "72"]
[Result "0-1"]

1. e4 d6 2. d4 Nf6 3. Nc3 Nbd7 4. f4 e5 5. f5 c6 6. Nf3 Be7 7. h3 g6 8. g4 h6 9. Be3 Qc7 10. Qd2 b5 11. O-O-O Bb7 12. Bg2 O-O-O 13. Qf2 exd4 14. Nxd4 Ne5 15. Nb3 a5 16. Bb6 Qb8 17. Nxa5 b4 18. Nxb7 Qxb7 19. Na4 Rd7 20. b3 c5 21. Rd2 Nc6 22. e5 dxe5 23. Bxc5 Rxd2 24. Qxd2 Bxc5 25. Nxc5 Qb6 26. Bxc6 Qxc6 27. Qxb4 Qxh1+ 28. Kb2 Qc6 29. Nd3 Nd5 30. Qa5 e4 31. Ne5 Qc7 32. Qxd5 Rd8 33. Qxe4 gxf5 34. Qxf5+ Kb8 35. Qxf7 Qxe5+ 36. Kc1 Qa1# {White checkmated} 0-1

[Event "FICS rated blitz game"]
[Site "FICS freechess.org"]
[FICSGamesDBGameNo "20002267"]
[White "brainteeze"]
[Black "PMagnus"]
[WhiteElo "1213"]
[BlackElo "1201"]
[WhiteRD "na"]
[BlackRD "na"]
[TimeControl "120+12"]
[Date "1999.10.03"]
[Time "15:57:00"]
[WhiteClock "0:02:00.000"]
[BlackClock "0:02:00.000"]
[ECO "B20"]
[PlyCount "121"]
[Result "1-0"]

1. e4 c5 2. Bc4 e6 3. Nf3 Nc6 4. c3 Nge7 5. d4 cxd4 6. Nxd4 Nxd4 7. Qxd4 Nc6 8. Qd1 Bc5 9. O-O O-O 10. g3 Ne5 11. Bb3 b6 12. Kg2 Bb7 13. f3 Qf6 14. Nd2 Rad8 15. Nc4 d5 16. Nxe5 Qxe5 17. exd5 Bxd5 18. Qe1 Qxe1 19. Rxe1 Bxb3 20. axb3 Rd7 21. b4 Bd6 22. Rd1 Rfd8 23. Rd4 Be5 24. Rxd7 Rxd7 25. Be3 Bb8 26. Kf2 h6 27. Ke2 Rd5 28. c4 Rd7 29. c5 bxc5 30. Bxc5 Rb7 31. Ra5 Bc7 32. Rxa7 Rxa7 33. Bxa7 Kf8 34. b5 Ke8 35. b6 Bd6 36. b7 Kd7 37. b8=Q Bxb8 38. Bxb8 Kc6 39. Be5 g6 40. Kd3 Kd5 41. f4 g5 42. Kc3 gxf4 43. gxf4 Ke4 44. b4 Kd5 45. b5 Kc5 46. Kd3 Kxb5 47. Ke3 Kc5 48. Kf3 Kd5 49. Kg4 Ke4 50. Kh5 f6 51. Bxf6 Kxf4 52. Kxh6 Kg4 53. h4 Kf5 54. Bg5 e5 55. h5 e4 56. Bc1 Kf6 57. Kh7 Kf7 58. Bg5 Kf8 59. Kg6 Kg8 60. h6 Kf8 61. h7 {Black resigns} 1-0

[Event "FICS rated blitz game"]
[Site "FICS freechess.org"]
[FICSGamesDBGameNo "20002266"]
[White "johnsimons"]
[Black "Normator"]
[WhiteElo "1399"]
[BlackElo "1649"]
[WhiteRD "na"]
[BlackRD "na"]
[TimeControl "300+0"]
[Date "1999.10.03"]
[Time "15:51:00"]
[WhiteClock "0:05:00.000"]
[BlackClock "0:05:00.000"]
[ECO "D00"]
[PlyCount "68"]
[Result "0-1"]

1. d4 d5 2. Nc3 Bf5 3. Bf4 e6 4. e3 c6 5. Bd3 Bxd3 6. cxd3 Nf6 7. Nge2 c5 8. dxc5 Bxc5 9. d4 Bd6 10. Bxd6 Qxd6 11. O-O a6 12. Rc1 Nc6 13. Qa4 O-O 14. a3 Rac8 15. b4 Ne7 16. b5 Rc4 17. Qb3 Rfc8 18. bxa6 bxa6 19. Na4 Ne4 20. Qb2 h6 21. Rxc4 Rxc4 22. Nc5 Nxc5 23. dxc5 Rxc5 24. Nd4 e5 25. Nc2 a5 26. Rd1 Qc6 27. Qb8+ Kh7 28. Ne1 f6 29. Qd8 Ng6 30. Nf3 Rc1 31. Re1 Qc3 32. Kf1 Qc4+ 33. Kg1 e4 34. Qd7 exf3 {White resigns} 0-1

[Event "FICS rated blitz game"]
[Site "FICS freechess.org"]
[FICSGamesDBGameNo "20002265"]
[White "johnsimons"]
[Black "Heim"]
[WhiteElo "1399"]
[BlackElo "1344"]
[WhiteRD "na"]
[BlackRD "na"]
[TimeControl "300+0"]
[Date "1999.10.03"]
[Time "15:33:00"]
[WhiteClock "0:05:00.000"]
[BlackClock "0:05:00.000"]
[ECO "D10"]
[PlyCount "100"]
[Result "0-1"]

1. d4 d5 2. c4 c6 3. cxd5 cxd5 4. Nc3 Nf6 5. Bg5 a6 6. Bxf6 exf6 7. Qa4+ Bd7 8. Qb3 Bc6 9. Nf3 Bd6 10. e3 Bc7 11. Bd3 Qd6 12. O-O Nd7 13. Rac1 O-O 14. Na4 Rab8 15. Nc5 Nxc5 16. Rxc5 Qd8 17. a4 Qd7 18. Rfc1 Bd8 19. Bxa6 Be7 20. Bb5 Bxc5 21. Rxc5 Rfe8 22. Qc3 Rbc8 23. b4 Bxb5 24. axb5 b6 25. Rc6 Rxc6 26. Qxc6 Qxc6 27. bxc6 b5 28. Nd2 Rc8 29. Nb3 Rxc6 30. Nc5 Rc8 31. Kf1 Ra8 32. Ke2 Ra2+ 33. Kf3 Rb2 34. Nd3 Rb3 35. Ke2 Kf8 36. Kd2 Ke7 37. Kc2 Ra3 38. h4 Ra1 39. g3 Rf1 40. Kb3 Rb1+ 41. Kc2 Rf1 42. Kb3 h6 43. Kc2 g5 44. hxg5 hxg5 45. Kd2 Kd6 46. Ke2 Ra1 47. Kf3 Ra3 48. Nc5 Ra1 49. Kg4 Ra2 50. f3 Ra3 {White forfeits on time} 0-1

[Event "FICS rated blitz game"]
[Site "FICS freechess.org"]
[FICSGamesDBGameNo "20002264"]
[White "Nietzs"]
[Black "Timothon"]
[WhiteElo "1441"]
[BlackElo "1720"]
[WhiteRD "na"]
[BlackRD "na"]
[TimeControl "300+5"]
[Date "1999.10.03"]
[Time "14:49:00"]
[WhiteClock "0:05:00.000"]
[BlackClock "0:05:00.000"]
[ECO "C15"]
[PlyCount "67"]
[Result "1-0"]

1. e4 e6 2. d4 d5 3. Nc3 Bb4 4. Bd3 c5 5. exd5 cxd4 6. dxe6 dxc3 7. exf7+ Kxf7 8. Bc4+ Ke8 9. Qe2+ Qe7 10. Qxe7+ Kxe7 11. Bg5+ Nf6 12. O-O-O cxb2+ 13. Kxb2 Be6 14. Bd3 Nd7 15. Nf3 h6 16. Be3 Bc5 17. Bd2 Rac8 18. Rhe1 Rhe8 19. Bg6 Red8 20. Bc3 Ng4 21. Bf5 Nxf2 22. Rxe6+ Kf7 23. Rde1 Nb6 24. Rg6 Na4+ 25. Kb3 Nxc3 26. Ne5+ Ke7 27. Rxg7+ Kf8 28. Rxb7 Rb8 29. Rxb8 Rxb8+ 30. Kxc3 Rd8 31. Kb3 Rb8+ 32. Kc4 Bb4 33. Rb1 a5 34. Nd7+ {Black resigns} 1-0

[Event "FICS rated blitz game"]
[Site "FICS freechess.org"]
[FICSGamesDBGameNo "20002263"]
[White "epdam"]
[Black "IMForsaken"]
[WhiteElo "1367"]
[BlackElo "899"]
[WhiteRD "na"]
[BlackRD "na"]
[TimeControl "300+2"]
[Date "1999.10.03"]
[Time "14:47:00"]
[WhiteClock "0:05:00.000"]
[BlackClock "0:05:00.000"]
[ECO "C40"]
[PlyCount "59"]
[Result "1-0"]

1. e4 e5 2. Nf3 Bd6 3. d4 Nf6 4. dxe5 Bxe5 5. Nxe5 d5 6. exd5 Ng4 7. Nxg4 Bxg4 8. Be2 Bxe2 9. Qxe2+ Qe7 10. Qxe7+ Kxe7 11. O-O c6 12. Re1+ Kf6 13. dxc6 Nxc6 14. c3 Rhe8 15. Be3 g6 16. Nd2 Rad8 17. Nf3 h5 18. Bg5+ Kg7 19. Bxd8 Nxd8 20. Rxe8 Ne6 21. Rd1 Nf4 22. Rd7 Ne2+ 23. Rxe2 Kh6 24. Ree7 g5 25. Rxf7 g4 26. Ne5 Kg5 27. h4+ Kxh4 28. g3+ Kh3 29. Ng6 h4 30. Nf4# {Black checkmated} 1-0

[Event "FICS rated blitz game"]
[Site "FICS freechess.org"]
[FICSGamesDBGameNo "20002262"]
[White "Allaboda"]
[Black "Wooky"]
[WhiteElo "1725"]
[BlackElo "1862"]
[WhiteRD "na"]
[BlackRD "na"]
[TimeControl "300+0"]
[Date "1999.10.03"]
[Time "14:35:00"]
[WhiteClock "0:05:00.000"]
[BlackClock "0:05:00.000"]
[ECO "D02"]
[PlyCount "108"]
[Result "0-1"]

1. Nf3 d5 2. d4 Nf6 3. g3 Bf5 4. Bg2 c6 5. O-O Nbd7 6. Nbd2 h6 7. b3 e6 8. c4 Be7 9. Bb2 O-O 10. Ne5 a5 11. Ndf3 Re8 12. Rc1 a4 13. e3 a3 14. Ba1 Ne4 15. Nd2 Ndf6 16. f3 Nd6 17. c5 Nb5 18. e4 dxe4 19. fxe4 Bh7 20. Ndc4 Nxe4 21. Nxf7 Qc7 22. Qg4 Nf6 23. Nxh6+ Kf8 24. Qxe6 gxh6 25. Rxf6+ Bxf6 26. Qxf6+ Qf7 27. Qxh6+ Ke7 28. Re1+ Kd7 29. Ne5+ Rxe5 30. Rxe5 Rf8 31. Bh3+ Kc7 32. Qe3 Kb8 33. Re7 Qf6 34. Re8+ Ka7 35. Rxf8 Qxf8 36. Qf4 Qe7 37. Qe5 Qf7 38. d5 cxd5 39. c6 bxc6 40. Be6 Qf3 41. Qg7+ Kb6 42. Bd4+ Nxd4 43. Qxd4+ Kb5 44. Qa4+ Kc5 45. b4+ Kd4 46. Qa7+ Ke5 47. Qe7 Qe3+ 48. Kf1 Bd3+ 49. Kg2 Be4+ 50. Kh3 Qh6+ 51. Kg4 Qf6 52. Qxf6+ Kxf6 53. Bd7 Bb1 54. Bxc6 Bxa2 {White forfeits on time} 0-1

[Event "FICS rated lightning game"]
[Site "FICS freechess.org"]
[FICSGamesDBGameNo "20002261"]
[White "firestorm"]
[Black "Jongleur"]
[WhiteElo "1635"]
[BlackElo "1640"]
[WhiteRD "na"]
[BlackRD "na"]
[TimeControl "60+0"]
[Date "1999.10.03"]
[Time "11:55:00"]
[WhiteClock "0:01:00.000"]
[BlackClock "0:01:00.000"]
[ECO "B21"]
[PlyCount "76"]
[Result "0-1"]

1. e4 c5 2. d4 cxd4 3. c3 d3 4. Bxd3 d6 5. Ne2 g6 6. O-O Bg7 7. f4 Nf6 8. f5 O-O 9. Bg5 Nc6 10. fxg6 hxg6 11. Nd4 Ne5 12. Bc2 Qb6 13. Kh1 Qxb2 14. Nd2 Qxc3 15. Bb3 Qxd4 16. Qe2 Bd7 17. Rad1 Qb6 18. Bh4 Bb5 19. Qe1 Bxf1 20. Qxf1 Rac8 21. Qf4 Nd3 22. Qg5 Nf2+ 23. Bxf2 Qxf2 24. Qxg6 d5 25. exd5 fxg6 26. d6+ Kh8 27. dxe7 Rfe8 28. Rf1 Qxd2 29. h3 Rxe7 30. Rd1 Qxd1+ 31. Bxd1 Ne4 32. Kh2 Rc1 33. Bb3 Rec7 34. g4 R7c3 35. h4 Rb1 36. Kg2 Rb2+ 37. Kf1 Rc1+ 38. Bd1 Rxd1# {White checkmated} 0-1

[Event "FICS rated lightning game"]
[Site "FICS freechess.org"]
[FICSGamesDBGameNo "20002260"]
[White "cassanunda"]
[Black "FiBerX"]
[WhiteElo "1641"]
[BlackElo "1908"]
[WhiteRD "na"]
[BlackRD "na"]
[TimeControl "60+0"]
[Date "1999.10.03"]
[Time "11:52:00"]
[WhiteClock "0:01:00.000"]
[BlackClock "0:01:00.000"]
[ECO "B06"]
[PlyCount "69"]
[Result "1-0"]

1. e4 d6 2. d4 g6 3. Nd2 Bg7 4. Ngf3 Bg4 5. Bd3 Nd7 6. O-O Ngf6 7. c3 O-O 8. Re1 e5 9. h3 Bxf3 10. Nxf3 Qe7 11. Be3 b6 12. Rc1 a6 13. d5 c6 14. dxc6 Nc5 15. Bxc5 bxc5 16. Qe2 Rac8 17. Bxa6 Rxc6 18. Bb5 Rcc8 19. a4 Rb8 20. b4 cxb4 21. cxb4 Rfc8 22. Rc2 Rxc2 23. Qxc2 Qc7 24. Qxc7 Nxe4 25. Qxb8+ Bf8 26. Rxe4 Kg7 27. Rc4 d5 28. Rc8 e4 29. Rxf8 Kh6 30. Rg8 exf3 31. Qf4+ g5 32. Qf6+ Kh5 33. Bd3 fxg2 34. Qg7 Kh4 35. Qxh7# {Black checkmated} 1-0

[Event "FICS rated blitz game"]
[Site "FICS freechess.org"]
[FICSGamesDBGameNo "20002259"]
[White "szura"]
[Black "Terrapin"]
[WhiteElo "1557"]
[BlackElo "1866"]
[WhiteRD "na"]
[BlackRD "na"]
[TimeControl "180+0"]
[Date "1999.10.03"]
[Time "09:43:00"]
[WhiteClock "0:03:00.000"]
[BlackClock "0:03:00.000"]
[ECO "C47"]
[PlyCount "50"]
[Result "0-1"]

1. e4 e5 2. Nf3 Nf6 3. Nc3 Nc6 4. d3 Bc5 5. h3 h6 6. a3 O-O 7. b4 Bb6 8. Na4 d6 9. Nxb6 axb6 10. Be3 Be6 11. Qd2 Kh7 12. g4 d5 13. exd5 Nxd5 14. g5 Nxe3 15. Qxe3 Nd4 16. Nxd4 Qxd4 17. Qxd4 exd4 18. gxh6 Kxh6 19. Be2 Rfe8 20. Kd2 Bd5 21. Rh2 Re6 22. f4 Rae8 23. Re1 f6 24. f5 Re5 25. Bg4 Rxe1 {White resigns} 0-1

[Event "FICS rated blitz game"]
[Site "FICS freechess.org"]
[FICSGamesDBGameNo "20002258"]
[White "szura"]
[Black "Pedu"]
[WhiteElo "1553"]
[BlackElo "1675"]
[WhiteRD "na"]
[BlackRD "na"]
[TimeControl "180+0"]
[Date "1999.10.03"]
[Time "09:33:00"]
[WhiteClock "0:03:00.000"]
[BlackClock "0:03:00.000"]
[ECO "C05"]
[PlyCount "62"]
[Result "0-1"]

1. e4 e6 2. d4 d5 3. Nd2 Nf6 4. e5 Nfd7 5. f4 c5 6. c3 Nc6 7. dxc5 Bxc5 8. Ngf3 O-O 9. Bd3 f6 10. Qc2 h6 11. b4 Be7 12. Bb2 fxe5 13. fxe5 Ncxe5 14. Nxe5 Nxe5 15. Bh7+ Kh8 16. Bd3 Nxd3+ 17. Qxd3 e5 18. O-O-O Bf5 19. Qb5 a6 20. Qxb7 Rb8 21. Qxa6 Ra8 22. Qe2 Rxa2 23. Qxe5 Bxb4 24. c4 Bxd2+ 25. Rxd2 Rxb2 26. Qxb2 d4 27. Rxd4 Qg5+ 28. Kd1 Bg4+ 29. Ke1 Re8+ 30. Kf1 Qf5+ 31. Kg1 Re1# {White checkmated} 0-1

[Event "FICS rated blitz game"]
[Site "FICS freechess.org"]
[FICSGamesDBGameNo "20002257"]
[White "Gepetto"]
[Black "IEH"]
[WhiteElo "1472"]
[BlackElo "1342"]
[WhiteRD "na"]
[BlackRD "na"]
[TimeControl "300+0"]
[Date "1999.10.03"]
[Time "09:23:00"]
[WhiteClock "0:05:00.000"]
[BlackClock "0:05:00.000"]
[ECO "A00"]
[PlyCount "101"]
[Result "1-0"]

1. b4 Nf6 2. Bb2 g6 3. Nf3 Bg7 4. e3 O-O 5. h3 a5 6. b5 c6 7. g4 cxb5 8. Bxb5 Qb6 9. c4 d5 10. d3 Bd7 11. a4 Bxb5 12. cxb5 Nbd7 13. g5 Nh5 14. Bxg7 Nxg7 15. h4 f6 16. Nc3 fxg5 17. hxg5 e6 18. d4 Rac8 19. Kd2 Qc7 20. Rc1 Qc4 21. Rh4 Nf5 22. Rg4 Qb4 23. Ne5 Nxe5 24. dxe5 Rc7 25. Rxb4 axb4 26. Ne2 Rc4 27. Rxc4 dxc4 28. Nf4 Rd8+ 29. Ke2 Rxd1 30. Kxd1 Kf7 31. a5 Ne7 32. a6 bxa6 33. b6 Nc6 34. Ne2 Ke7 35. Nd4 Nb8 36. Nc6+ Nxc6 37. b7 Nb8 38. Kc2 Kd7 39. e4 Kc7 40. Kb2 Kxb7 41. Kc2 Kb6 42. Kb2 Kb5 43. Kc2 a5 44. Kb2 a4 45. Kc2 a3 46. Kb1 b3 47. Kc1 Kb4 48. Kb1 c3 49. Kc1 a2 50. Kd1 b2 51. Ke2 {Black forfeits on time} 1-0

[Event "FICS rated blitz game"]
[Site "FICS freechess.org"]
[FICSGamesDBGameNo "20002256"]
[White "Lipatti"]
[Black "bdt"]
[WhiteElo "1066"]
[BlackElo "1064"]
[WhiteRD "na"]
[BlackRD "na"]
[TimeControl "120+6"]
[Date "1999.10.03"]
[Time "09:01:00"]
[WhiteClock "0:02:00.000"]
[BlackClock "0:02:00.000"]
[ECO "E43"]
[PlyCount "64"]
[Result "0-1"]

1. d4 Nf6 2. c4 e6 3. Nf3 b6 4. Nc3 Bb7 5. e3 Bb4 6. Bd2 O-O 7. a3 Bxc3 8. Bxc3 Ne4 9. Qc2 Nxc3 10. Qxc3 Bxf3 11. gxf3 Qg5 12. f4 Qg6 13. Bd3 Qg2 14. O-O-O Qxf2 15. e4 Qxf4+ 16. Kb1 Nc6 17. d5 Ne5 18. h4 d6 19. h5 Qe3 20. Rhg1 Qh3 21. Rh1 Qf3 22. Rdf1 Qxd3+ 23. Qxd3 Nxd3 24. Rhg1 Rae8 25. Rf3 Ne5 26. Rfg3 g6 27. hxg6 fxg6 28. Rh3 Nxc4 29. Rgh1 Rf7 30. Ka2 Nd2 31. R1h2 Nxe4 32. Rh4 exd5 {White forfeits on time} 0-1

[Event "FICS rated standard game"]
[Site "FICS freechess.org"]
[FICSGamesDBGameNo "20002255"]
[White "AGladkov"]
[Black "KFischer"]
[WhiteElo "1730"]
[BlackElo "1625"]
[WhiteRD "na"]
[BlackRD "na"]
[TimeControl "1200+0"]
[Date "1999.10.03"]
[Time "07:13:00"]
[WhiteClock "0:20:00.000"]
[BlackClock "0:20:00.000"]
[ECO "C54"]
[PlyCount "51"]
[Result "1/2-1/2"]

1. e4 e5 2. Nf3 Nc6 3. Bc4 Bc5 4. c3 Nf6 5. d4 exd4 6. cxd4 Bb4+ 7. Bd2 Bxd2+ 8. Nbxd2 d5 9. e5 dxc4 10. exf6 Qxf6 11. Nxc4 O-O 12. O-O Bg4 13. Nce5 Bxf3 14. Nxf3 Nxd4 15. Nxd4 Rad8 16. Qb3 Qxd4 17. Qxb7 Rb8 18. Qxc7 Rxb2 19. a4 Qb6 20. Qf4 Rd8 21. Rfd1 Rxd1+ 22. Rxd1 Rb1 23. Qf3 g6 24. Qd3 Rxd1+ 25. Qxd1 Kg7 26. h4 {Game drawn by mutual agreement} 1/2-1/2

[Event "FICS rated blitz game"]
[Site "FICS freechess.org"]
[FICSGamesDBGameNo "20002254"]
[White "chil"]
[Black "Burnie"]
[WhiteElo "1792"]
[BlackElo "1865"]
[WhiteRD "na"]
[BlackRD "na"]
[TimeControl "180+0"]
[Date "1999.10.03"]
[Time "06:52:00"]
[WhiteClock "0:03:00.000"]
[BlackClock "0:03:00.000"]
[ECO "D56"]
[PlyCount "138"]
[Result "1-0"]

1. d4 d5 2. c4 e6 3. Nc3 Nf6 4. Nf3 Be7 5. Bg5 O-O 6. e3 h6 7. Bh4 Nbd7 8. cxd5 Nxd5 9. Bxe7 Qxe7 10. Nxd5 exd5 11. Bd3 Qb4+ 12. Qd2 Qxd2+ 13. Nxd2 c6 14. O-O Re8 15. e4 dxe4 16. Nxe4 Nb6 17. Rfe1 Be6 18. Nc5 Nd5 19. Nxb7 Rab8 20. Nd6 Red8 21. Nc4 Nf4 22. Bf1 Bxc4 23. Bxc4 Rxb2 24. Re7 Rdb8 25. h3 R8b7 26. Rxb7 Rxb7 27. Re1 Nd5 28. Bxd5 cxd5 29. Re5 Rb2 30. Rxd5 Rxa2 31. Re5 Kf8 32. d5 Rd2 33. Kf1 f6 34. Re6 Rxd5 35. Ra6 Rd7 36. Ke2 Kf7 37. Ke3 g5 38. f4 Kg6 39. g4 Re7+ 40. Kf3 Kf7 41. fxg5 hxg5 42. Kg3 Rb7 43. Kf3 Ke7 44. Kg3 Kf7 45. Kf3 Rb3+ 46. Kg2 Rb7 47. Kg3 Ke7 48. Kg2 Kd7 49. Rxf6 a5 50. Ra6 Rb5 51. Kg3 Kc7 52. h4 gxh4+ 53. Kxh4 Kb7 54. Rf6 a4 55. Rf2 a3 56. Ra2 Ra5 57. g5 Kc7 58. Kh5 Kd7 59. Kh6 Ke7 60. g6 Kf8 61. Rf2+ Kg8 62. Ra2 Ra4 63. Kg5 Ra5+ 64. Kh6 Ra6 65. Kg5 Kg7 66. Kf5 Rxg6 67. Rxa3 Rf6+ 68. Ke5 Re6+ 69. Kxe6 Kg6 {Black forfeits on time} 1-0

[Event "FICS rated lightning game"]
[Site "FICS freechess.org"]
[FICSGamesDBGameNo "20002251"]
[White "APe"]
[Black "Firefly"]
[WhiteElo "1693"]
[BlackElo "2024"]
[WhiteRD "na"]
[BlackRD "na"]
[TimeControl "60+0"]
[Date "1999.10.03"]
[Time "05:45:00"]
[WhiteClock "0:01:00.000"]
[BlackClock "0:01:00.000"]
[ECO "C55"]
[PlyCount "62"]
[Result "0-1"]

1. e4 e5 2. Nf3 Nc6 3. Bc4 Nf6 4. d3 h6 5. O-O d6 6. Nc3 g6 7. h3 Bg7 8. Nh2 O-O 9. f4 Kh7 10. fxe5 Nxe5 11. Bf4 Nh5 12. Qd2 Nxc4 13. dxc4 f5 14. exf5 Bxf5 15. Be3 Be6 16. b3 Ng3 17. Rxf8 Qxf8 18. Nd5 Bxd5 19. cxd5 Bxa1 20. Bxh6 Bf6 21. Bxf8 Rxf8 22. Ng4 Bg7 23. Kh2 Nf5 24. c4 Re8 25. Qf2 Re4 26. Qf3 Re1 27. Nf2 Re3 28. Qg4 Be5+ 29. g3 Rxg3 30. Qxg3 Bxg3+ 31. Kg2 Bxf2 {White forfeits on time} 0-1

[Event "FICS rated blitz game"]
[Site "FICS freechess.org"]
[FICSGamesDBGameNo "20002250"]
[White "nicksinc"]
[Black "ZackZapp"]
[WhiteElo "1444"]
[BlackElo "1425"]
[WhiteRD "na"]
[BlackRD "na"]
[TimeControl "120+5"]
[Date "1999.10.03"]
[Time "05:28:00"]
[WhiteClock "0:02:00.000"]
[BlackClock "0:02:00.000"]
[ECO "C50"]
[PlyCount "75"]
[Result "1-0"]

1. e4 e5 2. Nf3 Nc6 3. Bc4 h6 4. d4 exd4 5. c3 d6 6. cxd4 Bg4 7. Qb3 Bh5 8. Bb5 Be7 9. d5 a6 10. dxc6 axb5 11. cxb7 Rb8 12. Qxb5+ Kf8 13. Qxh5 Nf6 14. Qh3 Rxb7 15. O-O c5 16. Nc3 Kg8 17. e5 dxe5 18. Nxe5 Bd6 19. Nc4 Bb8 20. Qf3 Re7 21. Be3 Qc7 22. g3 h5 23. Bf4 Qc8 24. Bxb8 Qxb8 25. Rae1 Rc7 26. Re2 Qc8 27. Rfe1 Rh6 28. Nd5 Nxd5 29. Re8+ Qxe8 30. Rxe8+ Kh7 31. Qxd5 h4 32. Nd6 hxg3 33. hxg3 Ra7 34. Nxf7 Rf6 35. Qe4+ g6 36. Ng5+ Kg7 37. Re7+ Kh6 38. Qh4# {Black checkmated} 1-0